 Dungeon Crawl Stone Soup version 0.29-a0-542-g075992c915 (webtiles) character file.

Game seed: 1129970398137876428

21308 happo123 the Covert (level 13, -9/76 HPs)
             Began as a Kobold Enchanter on June 4, 2022.
             Was a Priest of Wu Jian.
             Killed from afar by Yteof's ghost (66 damage)
             ... with an iron shot
             ... on level 13 of the Dungeon.
             The game lasted 01:33:14 (16578 turns).

happo123 the Covert (Kobold Enchanter)             Turns: 16578, Time: 01:33:19

Health: -9/76      AC:  9    Str:  6    XL:     13   Next: 18%
Magic:  30/32      EV: 24    Int: 20    God:    Wu Jian [***...]
Gold:   874        SH:  0    Dex: 22    Spells: 18/26 levels left

rFire   + . .      SeeInvis .   o - +2 short sword (distort)
rCold   + . .      Faith    +   (no shield)
rNeg    + . .      Spirit   .   E - +0 troll leather armour
rPois   .          Reflect  .   e - +1 helmet "Purytai" {rF+ rN+ MP+9}
rElec   +          Harm     .   U - +0 cloak of Kozak {rElec rC+ Stlth+}
rCorr   .          Rampage  .   (no gloves)
Will    .....                   q - +0 pair of boots
Stlth   +++++++...              p - amulet of faith
HPRegen 1.02/turn               h - +6 ring of dexterity
MPRegen 0.23/turn               k - +4 ring of evasion

@: lethally poisoned (-9 -> -15), confusing by touch
A: small, no large weapons, nightstalker 3
a: Renounce Religion, Wall Jump, Serpent's Lash


You were on level 13 of the Dungeon.
You worshipped Wu Jian.
Wu Jian was most pleased with you.
You visited 2 branches of the dungeon, and saw 14 of its levels.

You collected 952 gold pieces.
You spent 78 gold pieces at shops.

Inventory:

Hand Weapons
 o - a +2 short sword of distortion (weapon)
 x - the +4 hunting sling "Orb Guardian's Death" {speed, rC+}
   (You found it on level 3 of the Dungeon)

   Attacks with this weapon are significantly faster.
   rC:        It protects you from cold.
 B - a +3 short sword
Armour
 e - the +1 helmet "Purytai" (worn) {rF+ rN+ MP+9}
   (You acquired it on level 13 of the Dungeon)

   rF:        It protects you from fire.
   rN:        It protects you from negative energy.
   MP:        It affects your magic capacity (+9).
 q - a +0 pair of boots (worn)
 u - +0 acid dragon scales
 E - a +0 troll leather armour (worn)
 F - a +0 cloak
 L - a +0 helmet
 T - +1 steam dragon scales
 U - the +0 cloak of Kozak (worn) {rElec rC+ Stlth+}
   (You acquired it on level 13 of the Dungeon)

   rC:        It protects you from cold.
   rElec:     It insulates you from electricity.
   Stlth:     It makes you more stealthy.
Magical Staves
 b - a staff of air
Jewellery
 h - a +6 ring of dexterity (left hand)
 k - a +4 ring of evasion (right hand)
 p - an amulet of faith (around neck)
 t - a ring of magical power
 w - a +6 ring of strength
 z - a ring of fire
 A - a ring of flight
Wands
 a - a wand of flame (6)
 d - a wand of iceblast (19)
 R - a wand of digging (16)
 S - a wand of polymorph (12)
Scrolls
 f - a scroll of torment {unknown}
 j - a scroll of immolation {unknown}
 l - a scroll of enchant armour {unknown}
 n - 6 scrolls of fear
 r - 3 scrolls of blinking
 s - 5 scrolls of amnesia
 y - 3 scrolls of enchant weapon
 G - a scroll of fog {unknown}
 I - 8 scrolls of teleportation
 J - 2 scrolls of silence
 K - a scroll of vulnerability {unknown}
 O - 2 scrolls of poison
 P - a scroll of magic mapping {unknown}
Potions
 c - 2 potions of attraction {unknown}
 g - a potion of cancellation {unknown}
 i - 7 potions of curing
 m - 5 potions of haste
 v - 6 potions of mutation {unknown}
 C - a potion of brilliance {unknown}
 D - 3 potions of flight {unknown}
 H - a potion of ambrosia {unknown}
 M - 3 potions of berserk rage {unknown}
 N - 3 potions of might
 Q - a potion of resistance {unknown}


   Skills:
 + Level 7.3 Fighting
 + Level 9.0 Short Blades
 + Level 5.3 Armour
 + Level 8.5 Dodging
 + Level 10.5 Stealth
 + Level 7.2 Spellcasting
 - Level 6.0 Conjurations
 * Level 10.3 Hexes
 + Level 3.9 Translocations
 - Level 5.0 Ice Magic


You had 18 spell levels left.
You knew the following spells:

 Your Spells              Type           Power      Damage    Failure   Level
a - Ensorcelled Hibernat  Hex/Ice        74%        N/A       1%          2
b - Confusing Touch       Hex            48%        N/A       1%          3
c - Tukima's Dance        Hex            48%        N/A       1%          3

Your spell library contained the following spells:

 Spells                   Type           Power      Damage    Failure   Level
 Dazzling Flash           Conj/Hex       78%        N/A       1%          3
 Apportation              Tloc           46%        N/A       2%          1
 Portal Projectile        Hex/Tloc       70%        N/A       2%          3
 Foxfire                  Conj/Fire      76%        2x1d7     4%          1
 Inner Flame              Hex/Fire       27%        N/A       4%          3
 Static Discharge         Conj/Air       19%        N/A       6%          2
 Conjure Flame            Conj/Fire      19%        6-21      12%         3
 Necrotize                Necr           28%        1d5       14%         1
 Summon Small Mammal      Summ           28%        N/A       14%         1
 Iskenderun's Mystic Bla  Conj/Tloc      27%        2d7       17%         4
 Poisonous Vapours        Pois/Air       14%        N/A       21%         2
 Flame Wave               Conj/Fire      19%        2d6       36%         4
 Sticky Flame             Conj/Fire      19%        2d4       36%         4
 Lightning Bolt           Conj/Air       9%         1d22      73%         5
 Corpse Rot               Necr/Pois/Air  7%         N/A       80%         4
 Dispel Undead            Necr           7%         3d8       80%         4
 Blade Hands              Tmut           3%         N/A       98%         5
 Starburst                Conj/Fire      9%         6d5       99%         6
 Maxwell's Capacitive Co  Air            3%         ∞         100%        8


Dungeon Overview and Level Annotations

Branches:
Dungeon (13/15)            Temple (1/1) D:4            Lair (0/6) D:8
    Orc (0/2) D:11         Vaults (0/5) D:13

Altars:
Ashenzari
Cheibriados
Dithmenos
Elyvilon
Fedhas
Gozag
Hepliaklqana
Kikubaaqudgha
Makhleb
Nemelex Xobeh
Okawaru
Qazlal
Ru
Sif Muna
Trog
Uskayaw
Vehumet
Wu Jian
Xom
Yredelemnul
Zin
The Shining One
Ignis

Shops:
D:3 *   D:7 ?   D:12 [

Portals:
Abyss: D:4

Annotations:
D:12 2 transporters
D:13 Yteof's ghost, journeyman DECj


Innate Abilities, Weirdness & Mutations

You are small and have problems with some larger weapons.
You are completely attuned to the shadows.


Message History

Found a longbow.
Found 3 boomerangs.
You see here a +0 longbow.
Found a runed translucent door.
You open the door.
There is an open translucent door here.
Yteof's ghost (journeyman Deep Elf Conjurer) comes into view.
It is wielding a weapon of flaming.
Found three items.
Yteof's ghost turns its malevolent gaze towards you.
Aiming: Ensorcelled Hibernation (safe; 1% risk of failure)
Press: ? - help, Q - select action, (/) - cycle Shift-Dir - straight line, f - Yteof's ghost
Aim: Yteof's ghost, wielding a weapon of flaming (not susceptible)
Okay, then.
Casting: Ensorcelled Hibernation (safe; 1% risk of failure)
Confirm with . or Enter, or press ? or * to list all spells.
Your hands begin to glow red.
You hit Yteof's ghost but do no damage. Yteof's ghost completely misses you.
You hit Yteof's ghost but do no damage. You barely miss Yteof's ghost.
Yteof's ghost mumbles some strange words.
Yteof's ghost begins to radiate toxic energy.
You are poisoned.
You hit Yteof's ghost but do no damage.
You feel sick.
You are more poisoned.
Yteof's ghost misses you.
You hit Yteof's ghost but do no damage.
You feel sick.
You closely miss Yteof's ghost.
You feel sick.
You are more poisoned.
Yteof's ghost hits you.
You hit Yteof's ghost but do no damage.
You feel sick.
You hit Yteof's ghost but do no damage.
You feel sick.
You are more poisoned.
Yteof's ghost misses you.
You hit Yteof's ghost but do no damage.
You feel sick.
You are more poisoned.
Yteof's ghost says, "I have spells for any situation."
Yteof's ghost points at you and mumbles some strange words.
The iron shot hits you!!!
Ouch! That really hurt!
You die...

.#
#...........#'#......#.....
.#
#...........#)#......#####'
.#
#....###....#.###).....).>.
.# #....#
#....#...###########
.######....#
#...##..............
...........#
#...................
...#########
##'##............... ...#
#.≈.#............... ...#
#.≈@#............... ##.#
#.≈W#....###.......# #.#
#.≈.#....# ####....# ##.#
#[|$#....' #....# ...#
#####....# #....# ...#
#.....# #....# ...#
#..#.....# #....# ...######
#..#.....######.....
........##
#..#.......[........


You could see Yteof's ghost (toxic aura).

Vanquished Creatures
  Rupert (D:12)
  Nessos (D:12)
  A boulder beetle (D:12)
  A hydra (D:11)
  5 two-headed ogres
  Sonja (D:13)
  A deep elf pyromancer (D:12)
  3 manticores
  2 ugly things
  2 cyclopes
  Maurice (D:12)
  A gargoyle (D:12)
  Maggie (D:9)
  2 trolls
  3 hornets
  10 slime creatures
  Prince Ribbit (D:9)
  A shadow (D:10)
  The ghost of hgbash the Sneak, an amateur SpCj (D:4)
  12 yaks
  A wraith (D:11)
  A wyvern (D:9)
  A vampire (D:12)
  A steam dragon (D:8)
  3 acid dragons
  4 water moccasins
  An ice beast (D:6)
  4 sky beasts
  2 black bears (D:8)
  3 orc warriors (D:11)
  An ogre (D:6)
  3 centaurs
  A phantom (D:6)
  4 bullfrogs
  2 kobold brigands
  2 necrophages (D:7)
  A gnoll sergeant (D:7)
  3 scorpions
  10 killer bees
  4 howler monkeys
  A quasit (D:4)
  4 jellies
  8 orc priests
  4 hounds
  3 gnoll shamans
  4 iguanas
  10 orc wizards
  2 small abominations (D:4)
  14 gnolls
  7 adders
  A shadow imp (D:5)
  An ufetubus (D:6)
  4 dart slugs
  53 orcs
  4 ball pythons
  8 bats
  4 endoplasms
  7 goblins
  6 hobgoblins
  5 jackals
  3 quokkas
  A frilled lizard (D:2)
  9 kobolds
  6 rats
272 creatures vanquished.

Vanquished Creatures (collateral kills)
  A gargoyle (D:11)
  A gnoll (D:8)
2 creatures vanquished.

Vanquished Creatures (others)
  A dancing weapon (D:8)
  An orc (D:11)
  24 fungi (D:8)
  45 plants (D:8)
71 creatures vanquished.

Grand Total: 345 creatures vanquished

Notes
Turn   | Place    | Note
-------+----------+-------------------------------------------
     0 | D:1      | happo123 the Kobold Enchanter began the quest for the Orb.
     0 | D:1      | Reached XP level 1. HP: 10/10 MP: 3/3
   415 | D:1      | Reached XP level 2. HP: 16/16 MP: 5/5
   418 | D:1      | Learned a level 2 spell: Ensorcelled Hibernation
   566 | D:1      | Found a faded altar of an unknown god.
  1509 | D:2      | Reached XP level 3. HP: 20/20 MP: 6/6
  1513 | D:2      | Learned a level 3 spell: Confusing Touch
  1966 | D:2      | Reached skill level 1 in Fighting
  3102 | D:3      | Reached XP level 4. HP: 7/25 MP: 4/7
  3338 | D:3      | Found a hazy altar of Hepliaklqana.
  3939 | D:3      | Identified the +4 hunting sling "Orb Guardian's Death"
                  | {speed, rC+}
  4051 | D:3      | Found a shimmering blue altar of Sif Muna.
  4082 | D:3      | Found Ciny's Assorted Antiques.
  4111 | D:3      | Reached XP level 5. HP: 29/29 MP: 8/8
  4404 | D:4      | Learned a level 3 spell: Tukima's Dance
  4434 | D:4      | Reached skill level 1 in Conjurations
  4494 | D:4      | Reached skill level 1 in Ice Magic
  4511 | D:4      | Reached XP level 6. HP: 35/35 MP: 8/10
  4603 | D:4      | Found a staircase to the Ecumenical Temple.
  4616 | Temple   | Entered the Ecumenical Temple
  4835 | D:4      | Found a transporter.
  4958 | D:4      | Reached skill level 5 in Stealth
  5106 | D:4      | Reached skill level 1 in Armour
  5106 | D:4      | Reached XP level 7. HP: 40/40 MP: 11/11
  5279 | D:4      | Found a one-way gate to the infinite horrors of the Abyss.
  5279 | D:4      | Noticed hgbash's ghost (amateur SpCj)
  5365 | D:5      | Entered Level 5 of the Dungeon
  6650 | D:6      | Found a blossoming altar of Fedhas.
  6770 | D:6      | Reached skill level 5 in Hexes
  6770 | D:6      | Reached XP level 8. HP: 45/45 MP: 11/13
  7794 | D:7      | Found Zoofam's Magic Scroll Boutique.
  7799 | D:7      | Bought 3 scrolls of identify for 78 gold pieces
  7818 | D:7      | Found a radiant altar of Vehumet.
  8361 | D:7      | Reached XP level 9. HP: 51/51 MP: 13/15
  9038 | D:4      | Found a transporter.
  9046 | D:4      | Killed hgbash's ghost
  9069 | D:4      | Reached skill level 5 in Dodging
  9467 | D:8      | Reached skill level 5 in Short Blades
  9489 | D:8      | Found a staircase to the Lair.
  9492 | D:8      | Noticed a hornet
  9750 | D:8      | Found a broken altar of Ashenzari.
  9816 | D:8      | Reached XP level 10. HP: 53/58 MP: 13/17
  9843 | D:8      | Found a shadowy altar of Dithmenos.
 10598 | D:8      | Reached skill level 5 in Spellcasting
 10870 | D:9      | Found a glowing golden altar of the Shining One.
 10894 | D:9      | Noticed Maggie
 10898 | D:9      | Killed Maggie
 11483 | D:9      | Noticed Prince Ribbit
 11487 | D:9      | Killed Prince Ribbit
 11540 | D:10     | Entered Level 10 of the Dungeon
 11586 | D:10     | Reached skill level 5 in Fighting
 11690 | D:10     | Found a basalt altar of Yredelemnul.
 11838 | D:10     | Found an ornate altar of the Wu Jian Council.
 11844 | D:10     | Became a worshipper of the Wu Jian Council
 11987 | D:10     | Found a snail-covered altar of Cheibriados.
 12109 | D:10     | Reached XP level 11. HP: 64/64 MP: 16/19
 12831 | D:11     | Noticed a five-headed hydra
 12838 | D:11     | Killed a five-headed hydra
 12839 | D:11     | Reached skill level 5 in Conjurations
 13200 | D:11     | Paralysed by a hornet for 3 turns
 13354 | D:11     | Reached * piety under Wu Jian
 13393 | D:11     | Found a staircase to the Orcish Mines.
 13624 | D:11     | Reached skill level 5 in Ice Magic
 13991 | D:11     | Noticed a two-headed ogre
 13997 | D:11     | Killed a two-headed ogre
 14011 | D:11     | Reached ** piety under Wu Jian
 14183 | D:11     | Noticed a two-headed ogre
 14186 | D:11     | Killed a two-headed ogre
 14187 | D:11     | Reached skill level 1 in Translocations
 14609 | D:12     | Reached XP level 12. HP: 62/70 MP: 13/21
 14778 | D:12     | Found Saogang's Armour Shop.
 14807 | D:12     | Noticed a two-headed ogre
 14831 | D:12     | Found a transporter.
 14832 | D:12     | Found a transporter.
 14832 | D:12     | Noticed a two-headed ogre
 15103 | D:12     | Noticed Maurice
 15109 | D:12     | Killed Maurice
 15276 | D:12     | Noticed Nessos
 15278 | D:12     | Killed Nessos
 15445 | D:12     | Noticed Rupert
 15493 | D:12     | Killed Rupert
 15519 | D:12     | Noticed a boulder beetle
 15529 | D:12     | Killed a boulder beetle
 15530 | D:12     | Reached skill level 10 in Stealth
 15602 | D:12     | Reached skill level 5 in Armour
 15810 | D:13     | Noticed Sonja
 15813 | D:13     | Killed Sonja
 15833 | D:13     | Noticed a two-headed ogre
 15835 | D:13     | Noticed a two-headed ogre
 15837 | D:13     | Killed a two-headed ogre
 15837 | D:13     | Noticed an ogre mage
 15847 | D:13     | Killed a two-headed ogre
 15848 | D:13     | Reached skill level 10 in Hexes
 15853 | D:13     | Identified 2 scrolls of acquirement
 15854 | D:13     | Acquired the +0 cloak of Kozak {rElec rC+ Stlth+}
 15865 | D:13     | Acquired the +1 helmet "Purytai" {rF+ rN+ MP+9}
 15932 | D:13     | Found a gate to the Vaults.
 15992 | D:13     | Reached XP level 13. HP: 76/76 MP: 23/23
 16214 | D:13     | Reached *** piety under Wu Jian
 16560 | D:13     | Found a runed translucent door.
 16567 | D:13     | Noticed Yteof's ghost (journeyman DECj)
 16578 | D:13     | Killed from afar by Yteof's ghost

Illustrated notes

Levels and vault maps discovered:
D:1:      dpeg_arrival_oval, layout_basic, chequers_ecumenical_altar_twisty
D:2:      layout_basic
D:3:      layout_basic, lemuel_round_altar, nzn_hepliaklqana_mist_gate,
          serial_shops, nicolae_shop_waterfront
D:4:      layout_basic, minmay_temple_entry_mist,
          gammafunk_ghost_abyssal_escape, kennysheep_small_circle
D:5:      layout_loops_corners, nicolae_elevator_lobby_plus
D:6:      layout_loops_ring, kennysheep_mini, kennysheep_generic_room_6
D:7:      layout_gridville, nicolae_vehumet_radiance, serial_shops,
          shop_fountains
D:8:      layout_basic, lemuel_coloured_pillars_altar, old_standard_altar,
          due_lair_maze_entry_diamond, nrook_campfire, hangedman_decor_lopped
D:9:      layout_small_grid, tso_metal_star, uniq_prince_ribbit1, uniq_maggie
D:10:     layout_loops_ring, nzn_wu_jian_contemplation,
          mainiacjoe_overflow_small_starburst, nicolae_overflow_crystal_walls
D:11:     layout_gridville, hiddenorc2_lemuel
D:12:     layout_gridville, serial_shops, shop,
          gammafunk_ghost_wrathful_warriors, uniq_rupert, uniq_nessos,
          uniq_maurice
D:13:     layout_irregular_city, david_vaults_2, ebering_ghost_reflecting_pool,
          uniq_sonja
Temple:   ebering_untended_altars

Skill      XL: |  1  2  3  4  5  6  7  8  9 10 11 12 13 |
---------------+----------------------------------------+-----
Fighting       | 1 2 3 4 5 6 7 |  7.3
Short Blades   | 2 3 4 5 6 7 8 9 |  9.0
Dodging        | 3 4 5 6 7 8 |  8.5
Conjurations   | 1 2 3 4 5 6 |  6.0
Hexes          | 4 5 6 7 8 10 | 10.3
Ice Magic      | 1 2 3 4 5 |  5.0
Stealth        | 5 6 7 8 9 10 | 10.5
Spellcasting   | 3 4 5 6 7 |  7.2
Armour         | 1 2 3 4 5 |  5.3
Translocations | 1 3 |  3.9

Action                   |  1- 3 |  4- 6 |  7- 9 | 10-12 | 13-15 || total
-------------------------+-------+-------+-------+-------+-------++-------
Melee: Dagger            |    70 |    96 |   155 |    67 |       ||   388
       Punch             |       |     1 |     4 |     1 |       ||     6
       Short sword       |       |       |       |   222 |    31 ||   253
 Cast: Ensorcelled Hiber |    10 |    22 |    45 |    98 |     4 ||   179
       Confusing Touch   |     1 |       |     8 |    16 |     3 ||    28
       Tukima's Dance    |       |       |     2 |     4 |       ||     6
Invok: Lunge             |       |       |       |    46 |     7 ||    53
       Whirlwind         |       |       |       |     2 |       ||     2
Evoke: Wand              |       |       |       |     1 |       ||     1
  Use: Scroll            |       |       |     3 |    10 |     1 ||    14
       Potion            |       |       |     1 |     1 |       ||     2
 Stab: Sleeping          |    24 |    23 |    44 |    93 |     9 ||   193
       Confused          |     1 |       |     6 |    20 |       ||    27
       Distracted        |       |       |     2 |     8 |       ||    10
       Invisible         |       |       |       |    11 |       ||    11
Armor: Robe              |     4 |     7 |       |       |       ||    11
       Acid dragon scale |       |     7 |    21 |       |       ||    28
       Steam dragon scal |       |       |       |    26 |       ||    26
       Troll leather arm |       |       |       |     1 |     3 ||     4
Dodge: Dodged            |    38 |    74 |    91 |   203 |    13 ||   419

Table legend: (Time is in decaauts)
 A = Elapsed time spent in this place.
 B = Non-inter-level travel time spent in this place.
 C = Inter-level travel time spent in this place.
 D = Time resting spent in this place.
 E = Time spent auto-exploring this place.
 F = Levels seen in this place.
 G = Mean time per level.
                   A        B        C        D        E       F      G
               +--------+--------+--------+--------+--------+-----+--------+
         Total |  16486 |  13923 |   2563 |   1537 |   9994 |  14 | 1177.6 |
       Dungeon |  16337 |  13786 |   2551 |   1537 |   9873 |  13 | 1256.7 |
        Temple |    148 |    136 |     12 |      0 |    121 |   1 |  148.0 |
               +--------+--------+--------+--------+--------+-----+--------+

Top non-repeatable levels by time:
     D:2: 2044 daAuts
    D:11: 1903 daAuts
     D:7: 1613 daAuts
     D:3: 1289 daAuts
     D:8: 1287 daAuts
    D:12: 1263 daAuts
     D:5: 1228 daAuts
    D:10: 1087 daAuts
     D:4: 1085 daAuts
     D:1: 1058 daAuts
     D:6: 953 daAuts
     D:9: 805 daAuts
    D:13: 716 daAuts
  Temple: 148 daAuts
